 Dungeon Crawl Stone Soup version 0.31.0-11-ge490571c62 (webtiles) character file.

Game seed: 15984382548317022479

1333 shadizar the Trooper (level 8, 0/93 HPs)
             Began as a Djinni Fire Elementalist on Jan 27, 2024.
             Slain by a two-headed ogre
             ... wielding a +0 giant club
              (1 damage)
             ... on level 6 of the Dungeon.
             The game lasted 00:11:03 (6204 turns).

shadizar the Trooper (Djinni Fire Elementalist)     Turns: 6204, Time: 00:11:03

Health: 0/93       AC: 24    Str:  7    XL:     8   Next: 92%
Gold:   183        EV:  2    Int: 19    God:
                   SH:  6    Dex: 14

rFire   . . .        (no weapon)
rCold   . . .        m - +2 buckler
rNeg    . . .        a - melded +0 robe
rPois   ∞            (helmet currently unavailable)
rElec   .            c - melded +1 cloak
rCorr   .            (gloves currently unavailable)
SInv    .            (boots unavailable)
Will    .....        (no amulet)
Stlth   ++           (no ring)
HPRegen 0.35/turn    (no ring)
MPRegen 0.00/turn

%: infuse magic (-1 HP)
@: mighty, brilliant, tree-form
A: stationary, stasis, torment immunity, boosted hp, sickness immunity, (fire
resistance 2), (cold vulnerability 1), float, innate caster, HP casting, extra
vitality 1
a: no special abilities


You were on level 6 of the Dungeon.
You were a tree.
You visited 1 branch of the dungeon, and saw 6 of its levels.

You collected 183 gold pieces.

Inventory:

Armour
 a - a +0 robe (melded)
 c - a +1 cloak (melded)
 i - a +0 leather armour of fire resistance
 m - a +2 buckler (worn)
Scrolls
 b - 6 scrolls of identify {unknown}
 e - 2 scrolls of immolation {unknown}
 g - a scroll of teleportation {unknown}
 o - a scroll of blinking {unknown}


   Skills:
 + Level 6.7 Fighting
 + Level 3.9 Dodging
 - Level 1.5 Stealth
 + Level 1.8 Shields
 + Level 6.0 Spellcasting
 + Level 6.0 Conjurations
 + Level 6.0 Hexes
 + Level 6.0 Summonings
 + Level 6.0 Necromancy
 + Level 6.0 Translocations
 + Level 6.0 Fire Magic
 + Level 6.0 Ice Magic
 + Level 6.0 Air Magic
 + Level 6.0 Earth Magic
 + Level 6.0 Alchemy


You knew the following spells:

 Your Spells              Type           Power      Damage    Failure   Level
a - Foxfire               Conj/Fire      100%       2x1d9     1%          1
b - Scorch                Fire           84%        2d8       2%          2
c - Volatile Blastmotes   Fire/Tloc      84%        2d17      4%          3
d - Inner Flame           Hex/Fire       42%        N/A       4%          3
e - Flame Wave            Conj/Fire      42%        2d11      16%         4
f - Shock                 Conj/Air       100%       1d9       1%          1
g - Mercury Vapours       Alch/Air       84%        N/A       2%          2
h - Swiftness             Air            42%        N/A       4%          3
Your spell library was empty.

Dungeon Overview and Level Annotations

Branches:
Dungeon (6/15)
 Temple: D:4-7

Altars:
Dithmenos

Shops:
D:1 *   D:3 [   D:4 =   D:6 *


Innate Abilities, Weirdness & Mutations

You are a tree.
Your roots penetrate the ground, keeping you stationary.
You cannot be teleported.
You are immune to unholy pain and torment.
Your maximum health is greatly increased.
Your equipment is partially melded.
You are immune to sickness and miasma.
You are immune to poison.
((Your flesh is very heat resistant. (rF++)))
((You are vulnerable to cold. (rC-)))
You float through the air rather than walking.
You learn spells naturally, not from books.
Your magical power is your life essence.
You have superior vitality. (+4 MHP)


Message History

You feel a surge of power!
Flames lash the two-headed ogre.
The two-headed ogre is burned terribly!
The two-headed ogre is severely wounded.
* * * LOW HITPOINT WARNING * * *
The water moccasin bites you but does no damage. x2
Unknown command.
Casting: Scorch (safe; 2% risk of failure)
Confirm with . or Enter, or press ? or * to list all spells.
You feel a surge of power!
Flames lash the water moccasin.
The water moccasin is burned terribly!
You kill the water moccasin!
* * * LOW HITPOINT WARNING * * *
You block the two-headed ogre's attack.
The two-headed ogre hits you but does no damage.
Your Spellcasting skill increases to level 6!
Your Conjurations skill increases to level 6!
Your Hexes skill increases to level 6!
Your Summonings skill increases to level 6!
Your Necromancy skill increases to level 6!
Your Translocations skill increases to level 6!
Your Fire Magic skill increases to level 6!
Your Ice Magic skill increases to level 6!
Your Air Magic skill increases to level 6!
Your Earth Magic skill increases to level 6!
Your Alchemy skill increases to level 6!
Unknown command.
Unknown command.
Unknown command.
Unknown command.
Unknown command.
Unknown command.
Unknown command.
You aren't carrying any potions.
Okay, then.
Casting: Scorch (safe; 2% risk of failure)
Confirm with . or Enter, or press ? or * to list all spells.
You feel a surge of power!
You conjure some foxfire!
* * * LOW HITPOINT WARNING * * *
The two-headed ogre hits you with a +0 giant club.
You die...

..........#*,***,..#.#..########
.#.#.#.#..#*,,.#*#.#.#.#########
..........###*..*#.#.#.#########
...........<#*#.,#.#.#.#########
........O.### #.*#.#.#.#########
.(......>## #.*#.#.#.#
#.....#### #.*#.#.#.# ......#
#v##.#.#.# ......# #v♣O.#.#.#
..##### ###v.#.#.# ### ##.#.#.#
#<# #.....# #.# ####### #.# #.#
#.######### #.........#


You could see a two-headed ogre (combustible, ally target).

Vanquished Creatures
  A water moccasin (D:6)
  Duvessa (D:4)
  2 black bears
  An ogre (D:4)
  A bullfrog (D:6)
  A scorpion (D:3)
  Dowan (D:4)
  A howler monkey (D:2)
  A bombardier beetle (D:5)
  2 hounds
  2 jellies (D:5)
  3 orc priests
  A sleepcap (D:3)
  2 iguanas
  2 orc wizards
  6 gnolls
  8 adders
  2 shadow imps
  A white imp (D:5)
  A dart slug (D:1)
  4 ribbon worms
  12 orcs
  4 endoplasms
  4 giant cockroaches
  7 goblins
  6 hobgoblins
  12 kobolds
  6 quokkas
  7 ball pythons
  7 bats
  8 frilled lizards
  6 rats
123 creatures vanquished.

Vanquished Creatures (others)
  686 foxfires
686 creatures vanquished.

Grand Total: 809 creatures vanquished

Notes
Turn   | Place    | Note
-------+----------+-------------------------------------------
     0 | D:1      | shadizar the Djinni Fire Elementalist began the quest for
                  | the Orb.
     0 | D:1      | shadizar set off with the following spells memorised:
                  | Foxfire, Scorch, Volatile Blastmotes, Inner Flame, Flame
                  | Wave.
     0 | D:1      | Reached XP level 1. HP: 15/15 MP: 0/0
   239 | D:1      | Reached XP level 2. HP: 21/22 MP: 0/0
   323 | D:1      | Reached skill level 1 in Fighting
   653 | D:1      | Found Queruapn's Assorted Antiques.
   658 | D:1      | Reached XP level 3. HP: 20/27 MP: 0/0
   658 | D:1      | Learned a level 1 spell: Shock
  1655 | D:2      | Reached XP level 4. HP: 29/34 MP: 0/0
  1925 | D:2      | Reached XP level 5. HP: 25/40 MP: 0/0
  1925 | D:2      | Learned a level 2 spell: Mercury Vapours
  2553 | D:3      | Reached XP level 6. HP: 40/47 MP: 0/0
  3076 | D:3      | Found Gaceim's Armour Boutique.
  3141 | D:3      | Found a shadowy altar of Dithmenos.
  3377 | D:4      | Noticed an ogre
  3381 | D:4      | Killed an ogre
  3382 | D:4      | Reached XP level 7. HP: 49/53 MP: 0/0
  3382 | D:4      | Learned a level 3 spell: Swiftness
  3434 | D:4      | Reached skill level 5 in Fighting
  3434 | D:4      | Reached skill level 5 in Spellcasting
  3434 | D:4      | Reached skill level 5 in Conjurations
  3434 | D:4      | Reached skill level 5 in Hexes
  3434 | D:4      | Reached skill level 5 in Summonings
  3434 | D:4      | Reached skill level 5 in Necromancy
  3434 | D:4      | Reached skill level 5 in Translocations
  3434 | D:4      | Reached skill level 5 in Fire Magic
  3434 | D:4      | Reached skill level 5 in Ice Magic
  3434 | D:4      | Reached skill level 5 in Air Magic
  3434 | D:4      | Reached skill level 5 in Earth Magic
  3434 | D:4      | Reached skill level 5 in Alchemy
  3797 | D:4      | Found Xutusot's Jewellery Shop.
  4156 | D:4      | Noticed Dowan
  4156 | D:4      | Noticed Duvessa
  4178 | D:4      | Killed Duvessa
  4182 | D:4      | Killed Dowan
  4183 | D:4      | Reached XP level 8. HP: 18/61 MP: 0/0
  4643 | D:5      | Entered Level 5 of the Dungeon
  6037 | D:6      | Reached skill level 1 in Shields
  6046 | D:6      | Noticed a two-headed ogre
  6163 | D:6      | Found Duank's Serpentskin Sales.
  6190 | D:6      | HP: 3/62 [water moccasin (8)]
  6201 | D:6      | HP: 3/93 [two-headed ogre/+0 giant club (11)]
  6204 | D:6      | Slain by a two-headed ogre

Illustrated notes

Levels and vault maps discovered:
D:1:      minmay_arrival_semitransparent, layout_loops_corners, serial_shops,
          shop, minmay_quantized
D:2:      layout_basic
D:3:      layout_rooms, nicolae_dithmenos_through_a_glass_darkly, serial_shops,
          shop, amethyst_killhole
D:4:      layout_gridville, mainiacjoe_overflow_brackets, serial_shops,
          shop_fountains, hangedman_decor_lopped, uniq_duvessa
D:5:      layout_layer_cave
D:6:      layout_basic, serial_co_window_serial, co_window_paths_b,
          co_window_paths_a, co_window_corner_a, co_window_corner_a,
          co_window_of_opportunity_a, co_window_broadway_a,
          co_window_unsneaky_path_a, co_window_of_opportunity_b,
          co_window_corner_b, co_window_paths_c, co_window_paths_c,
          co_window_unsneaky_path_c, co_window_sun, glass_columns_c,
          glass_columns_c, glass_columns_b, guppyfry_shop_venom

Skill      XL: |  1  2  3  4  5  6  7  8 |
---------------+-------------------------+-----
Fighting       | 1 2 3 4 5 6 |  6.7
Spellcasting   | 4 5 6 |  6.0
Conjurations   | 4 5 6 |  6.0
Hexes          | 4 5 6 |  6.0
Summonings     | 4 5 6 |  6.0
Necromancy     | 4 5 6 |  6.0
Translocations | 4 5 6 |  6.0
Fire Magic     | 4 5 6 |  6.0
Ice Magic      | 4 5 6 |  6.0
Air Magic      | 4 5 6 |  6.0
Earth Magic    | 4 5 6 |  6.0
Alchemy        | 4 5 6 |  6.0
Dodging        | 3 |  3.9
Shields        | 1 |  1.8
Stealth        | |  1.5

Action                     |  1- 3 |  4- 6 |  7- 9 || total
---------------------------+-------+-------+-------++-------
  Melee: Unarmed           |     9 |       |     1 ||    10
   Cast: Foxfire           |   133 |   122 |   189 ||   444
         Scorch            |     6 |    12 |    21 ||    39
         Mercury Vapours   |       |       |     4 ||     4
         Flame Wave        |       |       |     2 ||     2
         Swiftness         |       |       |     2 ||     2
    Use: Potion            |       |       |     5 ||     5
         Scroll            |       |       |     2 ||     2
 Armour: Robe              |    11 |    10 |    35 ||    56
         Skin              |       |       |    15 ||    15
  Dodge: Dodged            |    15 |     9 |    31 ||    55
  Block: Buckler           |       |       |    16 ||    16
